 Dungeon Crawl Stone Soup version 0.31-a0-202-g547052bce9 (webtiles) character file.

Game seed: 5525961078781446517

37 qw the Shooter (level 3, 0/20 HPs)
             Began as a Deep Elf Hunter on June 26, 2023.
             Slain by a goblin
             ... wielding a +0 club
             ... led by Robin
              (4 damage)
             ... on level 2 of the Dungeon.
             The game lasted 00:00:20 (974 turns).

qw the Shooter (Deep Elf Hunter)                     Turns: 974, Time: 00:00:21

Health: 0/20       AC:  4    Str: 10    XL:     3   Next: 23%
Magic:  5/5        EV: 12    Int: 13    God:
Gold:   10         SH:  0    Dex: 18    Spells: 2/2 levels left

rFire   . . .        Y - +0 shortbow
rCold   . . .        (shield currently unavailable)
rNeg    . . .        c - +0 leather armour
rPois   .            g - +0 helmet
rElec   .            (no cloak)
rCorr   .            (no gloves)
SInv    .            (no boots)
Will    .....        (no amulet)
Stlth   ++           (no ring)
HPRegen 0.23/turn    (no ring)
MPRegen 0.09/turn

%: no passive effects
@: no status effects
A: no striking features
a: no special abilities


You were on level 2 of the Dungeon.
You visited 1 branch of the dungeon, and saw 2 of its levels.

You collected 10 gold pieces.


   Skills:
 - Level 1.5 Fighting
 + Level 6.8 Ranged Weapons
 - Level 2.4 Dodging
 - Level 1.2 Stealth


You had 2 spell levels left.
You didn't know any spells.
Your spell library was empty.

Inventory:

Hand Weapons
 Y - a +0 shortbow (weapon)
Armour
 c - a +0 leather armour (worn)
 g - a +0 helmet (worn)
Potions
 d - a potion of ambrosia {unknown}
 f - a potion of heal wounds {unknown}

Dungeon Overview and Level Annotations

Branches:
Dungeon (2/15)

Altars:

Annotations:
D:2 Robin


Message History

A hobgoblin comes into view.
Robin throws the goblin at you!
The goblin shouts!
You shoot an arrow. The goblin shouts!
The arrow hits the goblin!
You kill the goblin!
You hear a shout!
You hear an angry hiss.
You hear a shout!
Robin throws the goblin at you!
A goblin comes into view. It is wielding a +0 club.
The goblin barely misses you.
You shoot an arrow. The arrow closely misses the goblin.
Robin throws the goblin at you! The goblin barely misses you.
The goblin hits you but does no damage.
You shoot an arrow. The arrow hits the goblin.
You kill the goblin!
The goblin barely misses you.
You shoot an arrow. The arrow hits the goblin!
You kill the goblin!
You hear a shout!
Robin throws the goblin at you! The goblin hits you with a +0 club.
You hear a shout!
You shoot an arrow. The arrow hits the goblin.
You kill the goblin!
The goblin hits you with a +0 club.
You shoot an arrow.
The arrow hits the goblin but does no damage.
The goblin hits you but does no damage. The goblin hits you with a +0 club.
Robin throws the goblin at you! The goblin closely misses you.
You shoot an arrow. The arrow barely misses the goblin.
You hear an angry hiss.
A frilled lizard comes into view.
The goblin closely misses you. The goblin misses you.
You hear a shout!
You shoot an arrow. The arrow hits the goblin.
You kill the goblin!
The goblin hits you with a +0 club. Robin throws the goblin at you!
The goblin hits you with the +9 hand axe "Dragonslayer" {protect, Str+4 Int+3 Stlth+}!
The goblin hits you with a +0 club.
You die...

#.# #......# #.###......# #.
#..........#.#.
######.....#.#. #.....#.#.
#####+#.#.#g### ##..# ..
...###.#.#.#.g.### #...#..%
.........#.#.....## #...#..
.........#.#g@)...###.....
.#.........#g###.)##....#
###.#...###. #...#....#
........# #..##..)#....####..
###.###.###..................
#. #...###########.####### #
###)......>............
####.###.############ #.# #.#


You could see Robin, a hobgoblin and 2 goblins.

Vanquished Creatures
  2 dart slugs (D:1)
  An endoplasm (D:1)
  5 giant cockroaches (D:1)
  7 goblins (D:2)
  4 hobgoblins (D:1)
  2 quokkas (D:1)
  2 ball pythons (D:1)
  A bat (D:1)
  A frilled lizard (D:1)
  4 kobolds
  2 rats
31 creatures vanquished.

Notes
Turn   | Place    | Note
-------+----------+-------------------------------------------
     0 | D:1      | qw the Deep Elf Hunter began the quest for the Orb.
     0 | D:1      | Reached XP level 1. HP: 12/12 MP: 3/3
     0 | D:1      | 0 ||| qw: Version: 0.3-a-22-g0ed2b0b
     0 | D:1      | 0 ||| qw: Game counter: 6137
     0 | D:1      | 0 ||| qw: Melee chars always use a shield: true
     0 | D:1      | 0 ||| qw: God list: Okawaru
     0 | D:1      | 0 ||| qw: Allow faded altars: false
     0 | D:1      | 0 ||| qw: Do Orc after clearing Dungeon:15 true
     0 | D:1      | 0 ||| qw: Do second Lair branch before Depths: true
     0 | D:1      | 0 ||| qw: Lair rune preference: random
     0 | D:1      | 0 ||| qw: Goals: Normal
     0 | D:1      | 0 ||| PLANNING D:1-11
   210 | D:1      | Reached skill level 6 in Ranged Weapons
   210 | D:1      | Reached XP level 2. HP: 16/16 MP: 4/4
   462 | D:1      | Found a faded altar of an unknown god.
   833 | D:1      | 833 ||| UPGRADING to +0 helmet.
   838 | D:1      | 838 ||| READING scroll labelled BYG VOHEKLIHITO.
   839 | D:1      | 839 ||| READING scroll labelled JENKOOCVICIECA.
   840 | D:1      | 840 ||| READING scroll labelled NAFUIDIROTI.
   841 | D:1      | 841 ||| DROPPING scroll of butterflies.
   899 | D:2      | Reached XP level 3. HP: 20/20 MP: 5/5
   965 | D:2      | Noticed Robin
   973 | D:2      | Identified the +9 hand axe "Dragonslayer" {protect, Str+4
                  | Int+3 Stlth+}
   974 | D:2      | HP: 4/20 [goblin/the +9 hand axe "Dragonslayer" {protect,
                  | Str+4 Int+3 Stlth+}[Robin] (7)]
   974 | D:2      | Slain by a goblin

Levels and vault maps discovered:
D:1:      eino_arrival_cavern_b, layout_loops_corners,
          dilly_ecumenical_altar_fadedgnrine,
          hangedman_abyss_or_decor_lesser_grid, minmay_pentomino_p4
D:2:      minmay_recursive_quarters, layout_basic, grunt_ministairs_2,
          kennysheep_generic_room_8, uniq_robin

Skill      XL: |  1 |
---------------+----+-----
Ranged Weapons | 6 |  6.8
Fighting       | |  1.5
Dodging        | |  2.4
Stealth        | |  1.2

Action                     || total
---------------------------++-------
   Fire: Shortbow          ||    84
    Use: Scroll            ||     3
 Armour: Leather armour    ||    10
  Dodge: Dodged            ||    23

Table legend:
 A = Non-vault XP
 B = Vault XP
 C = Vault XP percentage of total XP
 D = Non-vault monster count
 E = Vault monster count
 F = Vault count percentage of total count
                 A         B        C        D         E       F
            +---------+---------+-------+---------+---------+-------
      Total |      36 |      20 |  35.7 |      21 |      10 |  32.3
            +---------+---------+-------+---------+---------+-------
        D:1 |      34 |       6 |  15.0 |      20 |       2 |   9.1
        D:2 |       2 |      14 |  87.5 |       1 |       8 |  88.9
            +---------+---------+-------+---------+---------+-------
